Map: Cryptic Fortress

Players

Hindulaatti - Winner!

  • Race: Terran Terran
  • League: Diamond
  • Spawn Location: 6:00

Antares - Winner!

  • Race: Zerg Zerg
  • League: Platinum
  • Spawn Location: 7:00

Alex - Winner!

  • Race: Zerg Zerg
  • Spawn Location: 5:00

soldier - Winner!

  • Race: Protoss Protoss
  • Spawn Location: 6:00

MrFriday

  • Race: Zerg Zerg
  • Spawn Location: 12:00

Kruk

  • Race: Terran Terran
  • Spawn Location: 3:00

Maniacks

  • Race: Terran Terran
  • League: Gold
  • Spawn Location: 9:00

Verdacht

  • Race: Protoss Protoss
  • Spawn Location: 12:00

VOD

Have the link to the VOD?

Description

Time

  • Played on: Jan. 9, 2016, 1:30 a.m.
  • Length: 14:37
Show
View Real Time Build Order
Export as new Build Order

Hindulaatti Terran - Winner!

Build Orders: Cyclone Opening, Mech 

Get SALT Encoding   

  12  0:01  SCV  
  13  0:14  SCV  
  13  0:18  Supply Depot  
  14  0:26  SCV  
  15  0:40  SCV  
  16  0:44  Barracks  
  16  0:49  Refinery  
  16  0:52  SCV  
  17  1:04  SCV  
  18  1:15  Refinery  
  18  1:16  SCV  
  19  1:30  Orbital Command  
  19  1:32  Supply Depot, Marine  
  20  1:47  Factory  
  20  1:53  Marine  
  21  1:57  SCV  
  22  2:10  SCV  
  23  2:19  Barracks Tech Lab  
  23  2:24  Command Center  
  23  2:26  SCV  
  24  2:35  Supply Depot  
  24  2:42  Cyclone  
  24  2:44  SCV  
  28  2:47  Barracks Reactor  
  28  2:56  SCV  
  29  3:08  SCV  
  30  3:15  Mag-Field Accelerator  
  30  3:17  Cyclone  
  33  3:20  SCV  
  33  3:24  Marine x2  
  36  3:30  Supply Depot  
  36  3:32  SCV  
  37  3:45  SCV  
  37  3:47  Marine x2  
  40  3:49  Cyclone  
  43  3:58  SCV  
  44  4:11  Marine x2  
  44  4:15  SCV  
  44  4:17  Orbital Command  
  44  4:26  Widow Mine  
  44  4:27  SCV  
  44  4:28  Factory  
  41  4:42  Marine x2  
  43  4:46  SCV  
  43  4:47  SCV  
  45  4:55  Siege Tank  
  48  5:01  Marine x2  
  48  5:02  SCV x2  
  49  5:19  Marine x2  
  49  5:20  Factory Tech Lab  
  51  5:21  Factory  
  51  5:32  Refinery x2  
  51  5:35  Supply Depot x2  
  51  5:42  Starport  
  51  5:45  SCV x2  
  51  5:46  Siege Tank  
  51  5:47  Marine x2  
  58  5:58  SCV x2  
  60  6:10  Supply Depot  
  60  6:11  SCV x2  
  62  6:13  Supply Depot, Marine x2  
  62  6:16  Factory Tech Lab  
  64  6:18  Siege Tank  
  64  6:20  Factory Reactor  
  64  6:23  Medivac  
  69  6:29  SCV x2  
  71  6:36  Marine x2, Siege Tank  
  76  6:43  SCV x2  
  78  6:48  Supply Depot  
  78  6:49  Supply Depot  
  78  6:54  Marine x2  
  80  7:08  Factory Reactor, Siege Tank x2  
  80  7:12  Marine  
  83  7:27  Marine  
  83  7:29  Marine  
  84  7:36  Medivac x2  
  89  7:40  Siege Tank  
  89  7:41  Siege Tank  
  95  7:52  Marine x2, SCV x2  
  99  8:05  Medivac  
  99  8:06  Medivac, SCV x2  
  105  8:26  Siege Tank  
  110  8:27  Hellion  
  110  8:31  Supply Depot  
  110  8:33  Supply Depot x3  
  110  8:37  Command Center  
  110  8:48  Marine  
  110  8:52  Marine, Siege Tank  
  110  8:53  Hellion x2  
  118  8:58  Hellion  
  115  9:19  Siege Tank  
  118  9:24  Marine x2, Siege Tank  
  118  9:27  Medivac x2, Hellion x2  
  125  9:42  Marine x2  
  127  9:52  Siege Tank, Hellion x2  
  128  9:57  Medivac, Siege Tank  
  129  10:02  SCV x2  
  129  10:04  Orbital Command  
  129  10:06  Factory  
  131  10:07  Marine x2  
  131  10:13  Liberator x2  
  131  10:14  Hellion x2  
  137  10:24  Siege Tank  
  137  10:26  Engineering Bay, Marine  
  137  10:27  Engineering Bay, Marine  
  142  10:29  Siege Tank  
  142  10:35  Hellion x2  
  155  10:41  SCV x2  
  155  10:53  SCV  
  156  11:21  Hellion  
  156  11:22  Hellion x2  
  157  11:26  Orbital Command  
  157  11:27  Medivac  
  157  11:35  Hellion  
  157  11:36  Armory  
  151  11:41  Liberator  
  151  11:42  Siege Tank  
  151  11:43  Siege Tank  
  140  11:54  Marine x2  
  140  11:56  Medivac, Hellion x2  
  145  12:14  Siege Tank  
  148  12:16  Siege Tank  
  148  12:17  SCV x2  
  153  12:23  Armory  
  153  12:26  Missile Turret  
  153  12:28  Missile Turret  
  153  12:29  SCV  
  154  12:34  SCV  
  155  12:41  Hellion  
  157  12:52  Refinery  
  157  12:55  Refinery  
  157  13:23  Siege Tank  
  157  13:24  Hellion  
  157  13:44  Siege Tank  
  157  13:45  Hellion  
  157  13:46  Hellion  
  149  13:52  Supply Depot, Factory Tech Lab  
  149  13:54  Factory x2  
  149  13:55  Siege Tank  
  147  13:56  Factory, Supply Depot  
  145  14:06  Hellion  
  145  14:07  Hellion  
  152  14:19  Supply Depot  
Show
View Real Time Build Order
Export as new Build Order

Antares Zerg - Winner!

Build Orders: Hatch First 

Get SALT Encoding   

  12  0:32  Drone  
  13  0:43  Overlord  
  13  0:44  Hatchery  
  13  0:45  Drone  
  13  0:49  Drone  
  14  1:03  Drone  
  15  1:06  Drone  
  16  1:11  Extractor  
  16  1:18  Drone  
  16  1:21  Spawning Pool  
  15  1:27  Drone  
  16  1:37  Drone  
  18  1:54  Drone  
  18  1:58  Overlord  
  18  2:08  Queen x2  
  22  2:22  Metabolic Boost  
  22  2:24  Drone x2  
  22  2:28  Drone  
  25  2:30  Drone  
  25  2:33  Drone  
  27  2:45  Zergling x2  
  27  2:46  Zergling x4, Baneling Nest  
  27  2:50  Zergling x2  
  30  3:03  Overlord  
  30  3:04  Zergling x4  
  32  3:11  Overlord x2  
  32  3:20  Zergling x8  
  32  3:23  Drone x2  
  38  3:27  Extractor  
  38  3:28  Drone x2  
  39  3:35  Lair  
  39  3:39  Drone  
  39  3:40  Drone  
  41  3:49  Drone x2  
  41  3:53  Drone  
  41  3:54  Drone x3  
  47  3:56  Drone  
  47  3:57  Baneling  
  47  3:58  Baneling  
  47  3:59  Baneling  
  48  4:05  Drone x2, Extractor  
  48  4:07  Drone  
  50  4:20  Zergling x4  
  50  4:22  Baneling x3  
  50  4:23  Baneling  
  48  4:42  Zergling x4  
  48  4:43  Zergling x8  
  52  4:56  Zergling x14  
  57  5:04  Queen  
  57  5:05  Drone  
  57  5:06  Drone  
  55  5:11  Extractor  
  54  5:18  Drone x3  
  57  5:21  Centrifical Hooks  
  57  5:23  Overlord  
  57  5:29  Hatchery  
  55  5:35  Baneling  
  55  5:36  Zergling x2  
  55  5:37  Zergling x2  
  50  5:54  Queen  
  52  6:02  Roach Warren  
  51  6:05  Zergling x2  
  51  6:06  Evolution Chamber, Zergling x10  
  51  6:08  Baneling x4  
  51  6:09  Evolution Chamber  
  55  6:16  Spine Crawler  
  53  6:35  Zerg Ground Armor Level 1  
  53  6:36  Zerg Missile Weapons Level 1  
  53  6:42  Drone x8  
  53  6:44  Queen  
  63  6:51  Overlord  
  63  6:53  Drone  
  63  6:54  Drone  
  65  7:11  Drone  
  65  7:12  Drone x6, Spore Crawler  
  65  7:13  Spore Crawler  
  70  7:18  Spore Crawler  
  70  7:19  Spore Crawler  
  68  7:31  Zergling x2, Roach x2  
  68  7:32  Roach x3  
  79  7:42  Drone x3  
  79  7:44  Spore Crawler x2, Overlord x4, Extractor  
  81  7:46  Extractor  
  77  8:12  Roach x7  
  97  8:13  Roach x4  
  84  8:35  Roach  
  84  8:36  Roach x7  
  96  8:51  Zerg Missile Weapons Level 2  
  96  8:52  Zerg Ground Armor Level 2  
  96  8:56  Roach x2  
  96  8:57  Roach x4  
  96  8:59  Ravager x4  
  96  9:00  Ravager  
  96  9:01  Glial Reconstitution  
  113  9:12  Overlord x4  
  113  9:26  Infestation Pit  
  113  9:30  Drone x5  
  113  9:31  Drone x5  
  120  9:34  Overlord  
  114  9:41  Hatchery  
  111  9:49  Roach x4  
  117  10:05  Roach x2  
  117  10:06  Roach x7  
  141  10:07  Roach x3  
  141  10:09  Ravager  
  141  10:10  Ravager x4  
  141  10:11  Overlord  
  146  10:17  Hive  
  146  10:38  Roach x2  
  146  10:39  Roach x6  
  162  10:48  Hatchery  
  161  10:50  Spore Crawler  
  161  10:53  Spore Crawler  
  161  10:57  Drone x3  
  161  10:58  Queen  
  164  11:10  Overlord x4  
  152  12:04  Roach  
  152  12:05  Roach x9  
  152  12:06  Roach x8  
  186  12:23  Roach x3  
  186  12:24  Roach x5  
  183  12:45  Roach x4  
  183  12:46  Roach x5  
  183  12:48  Overseer  
  172  13:30  Overseer  
  172  13:37  Extractor  
  172  13:38  Drone x5  
  172  13:39  Drone x15, Extractor  
  172  13:40  Drone x5  
  172  13:57  Hatchery  
Show
View Real Time Build Order
Export as new Build Order

Alex Zerg - Winner!

Build Orders: Hatch First 

Get SALT Encoding   

  12  0:34  Hatchery  
  12  0:35  Drone x2  
  13  0:43  Drone  
  14  1:00  Spawning Pool  
  13  1:17  Overlord  
  13  1:19  Drone  
  13  1:23  Drone, Extractor  
  14  1:42  Drone x2  
  16  1:48  Queen  
  16  1:51  Drone  
  19  1:57  Queen  
  19  1:58  Drone  
  22  2:14  Spine Crawler  
  21  2:18  Drone  
  21  2:22  Drone x3  
  25  2:40  Lair  
  25  2:47  Drone, Spore Crawler  
  25  2:48  Drone  
  26  2:56  Extractor  
  25  3:00  Drone x2  
  25  3:01  Drone  
  25  3:04  Extractor  
  27  3:08  Drone  
  27  3:11  Overlord x2  
  28  3:34  Evolution Chamber  
  28  3:37  Drone  
  28  3:39  Drone  
  29  3:43  Drone x2, Extractor  
  30  3:52  Evolution Chamber  
  29  3:56  Drone, Roach Warren  
  29  3:57  Drone x5  
  34  4:06  Overlord  
  34  4:08  Zerg Ground Armor Level 1  
  34  4:25  Spire  
  33  4:35  Drone x2  
  33  4:38  Drone x2  
  37  4:39  Glial Reconstitution  
  37  4:43  Roach x3  
  43  5:25  Roach  
  43  5:26  Roach x2  
  49  5:34  Spore Crawler  
  48  5:35  Drone  
  48  5:36  Drone  
  48  5:37  Mutalisk  
  48  5:39  Overlord x3  
  48  5:42  Zerg Flyer Weapons Level 1  
  52  5:44  Zerg Missile Weapons Level 1  
  52  5:59  Mutalisk  
  52  6:02  Mutalisk x2  
  58  6:09  Overlord  
  58  6:36  Mutalisk  
  58  6:37  Mutalisk x3  
  66  6:40  Hatchery  
  65  6:55  Mutalisk  
  67  7:06  Mutalisk  
  69  7:13  Drone x2  
  71  7:20  Spore Crawler  
  71  7:21  Drone x2  
  71  7:22  Drone x4  
  76  7:26  Spore Crawler  
  75  7:30  Spore Crawler  
  75  7:33  Spore Crawler  
  75  7:35  Drone x2  
  75  7:40  Spore Crawler  
  74  7:46  Spore Crawler  
  53  8:24  Roach x3  
  49  8:44  Roach x3  
  55  8:49  Roach x2  
  59  8:56  Drone  
  59  8:57  Drone x2  
  62  9:11  Roach x2  
  62  9:14  Roach x2  
  62  9:15  Roach  
  72  9:23  Drone  
  71  9:36  Hatchery  
  70  9:40  Zerg Flyer Armor Level 1  
  70  9:41  Drone  
  70  9:42  Drone x2  
  73  9:46  Extractor  
  51  10:10  Extractor  
  51  10:13  Mutalisk x3  
  56  10:17  Mutalisk x3  
  56  10:18  Mutalisk x2  
  66  10:29  Overlord  
  66  10:36  Infestation Pit, Overlord x2  
  65  10:51  Spore Crawler  
  65  10:54  Overseer  
  65  10:56  Roach  
  68  10:57  Roach  
  68  10:58  Overseer x2  
  68  11:03  Spine Crawler  
  67  11:04  Drone  
  67  11:05  Drone  
  67  11:10  Mutalisk  
  67  11:11  Mutalisk x2  
  71  11:14  Hive  
  75  11:25  Roach x2  
  73  11:26  Roach x2  
  73  11:29  Roach x2  
  59  11:42  Roach  
  49  11:48  Roach x2  
  49  11:49  Roach x2  
  55  12:01  Drone x3  
  58  12:14  Zerg Missile Weapons Level 2  
  58  12:16  Queen  
  58  12:18  Roach  
  58  12:19  Roach x2  
  66  12:27  Roach x3  
  70  12:51  Roach x3  
  76  13:10  Roach  
  78  13:15  Queen  
  78  13:17  Overlord  
  78  13:18  Overlord x2  
  80  13:31  Roach x3  
Show
View Real Time Build Order
Export as new Build Order

soldier Protoss - Winner!

Build Orders:  

Get SALT Encoding   

  12  0:01  Probe (Chrono Boost)  
  13  0:12  Probe (Chrono Boost)  
  14  0:19  Pylon  
  14  0:22  Probe (Chrono Boost)  
  15  0:37  Probe (Chrono Boost)  
  15  0:40  Gateway  
  16  0:48  Probe (Chrono Boost)  
  17  0:52  Pylon  
  17  0:58  Probe (Chrono Boost)  
  18  1:05  Assimilator  
  18  1:18  Forge  
  18  1:27  Probe (Chrono Boost)  
  18  1:29  Zealot  
  21  1:42  Probe (Chrono Boost)  
  21  1:46  Pylon  
  22  1:57  Photon Cannon  
  22  2:10  Nexus  
  22  2:16  Assimilator  
  22  2:25  Pylon  
  22  2:29  Probe (Chrono Boost)  
  23  2:37  Cybernetics Core  
  23  2:40  Probe (Chrono Boost)  
  24  2:51  Probe (Chrono Boost)  
  25  3:01  Probe (Chrono Boost)  
  25  3:03  Photon Cannon  
  26  3:14  Probe (Chrono Boost)  
  27  3:22  Probe (Chrono Boost)  
  27  3:25  Mothership Core (Chrono Boost)  
  30  3:33  Probe (Chrono Boost)  
  31  3:42  Nexus  
  31  3:52  Stargate  
  31  3:54  Probe (Chrono Boost)  
  32  3:57  Probe (Chrono Boost)  
  32  4:00  Assimilator  
  33  4:05  Assimilator  
  33  4:09  Probe (Chrono Boost)  
  34  4:27  Probe (Chrono Boost)  
  34  4:29  Pylon  
  35  4:38  Probe (Chrono Boost)  
  36  4:39  Void Ray  
  36  4:41  Protoss Air Weapons Level 1  
  40  4:48  Probe (Chrono Boost)  
  41  4:54  Probe (Chrono Boost)  
  41  4:59  Probe (Chrono Boost)  
  43  5:04  Probe (Chrono Boost)  
  44  5:10  Probe (Chrono Boost)  
  45  5:20  Probe (Chrono Boost)  
  46  5:22  Void Ray  
  46  5:25  Stargate  
  46  5:26  Stargate  
  50  5:31  Probe (Chrono Boost)  
  50  5:33  Probe (Chrono Boost)  
  50  5:35  Pylon  
  52  5:42  Probe (Chrono Boost)  
  53  5:49  Probe (Chrono Boost)  
  54  5:51  Assimilator  
  54  5:52  Probe (Chrono Boost)  
  54  5:54  Assimilator, Protoss Shields Level 1 (Chrono Boost)  
  55  6:02  Twilight Council, Probe  
  56  6:16  Probe  
  57  6:19  Probe  
  57  6:20  Protoss Air Armor Level 1  
  58  6:26  Probe  
  58  6:28  Void Ray  
  58  6:31  Probe  
  64  6:37  Pylon  
  64  6:43  Fleet Beacon  
  64  6:53  Void Ray  
  68  7:07  Probe  
  69  7:09  Void Ray  
  69  7:12  Pylon  
  73  7:15  Stargate  
  73  7:37  Void Ray  
  73  7:39  Photon Cannon  
  75  7:56  Protoss Air Weapons Level 2  
  67  8:06  Void Ray x3  
  71  8:50  Void Ray x2, Pylon  
  79  8:57  Forge  
  79  8:58  Gateway  
  79  9:02  Void Ray x2  
  87  9:13  Pylon  
  87  9:16  Probe  
  87  9:18  Pylon  
  88  9:27  Probe  
  89  9:32  Void Ray  
  89  9:35  Void Ray  
  97  9:41  Pylon  
  97  9:43  Pylon  
  97  9:53  Protoss Shields Level 2 (Chrono Boost)  
  97  9:54  Void Ray, Protoss Air Armor Level 2  
  101  10:07  Void Ray  
  105  10:36  Void Ray x2  
  105  10:39  Pylon  
  105  10:41  Void Ray  
  117  10:44  Pylon  
  117  10:49  Pylon  
  113  11:08  Pylon  
  113  11:13  Pylon  
  113  11:18  Void Ray  
  117  11:19  Void Ray  
  117  11:24  Twilight Council  
  121  11:27  Stargate  
  120  11:50  Protoss Air Weapons Level 3  
  116  11:58  Void Ray x2  
  116  12:01  Void Ray  
  128  12:02  Void Ray  
  132  12:14  Void Ray  
  136  12:41  Void Ray x2  
  136  12:44  Void Ray  
  148  12:46  Void Ray  
  152  12:57  Void Ray  
  156  13:18  Pylon  
  156  13:20  Pylon  
  156  13:23  Pylon  
  156  13:24  Pylon  
  156  13:25  Pylon  
  148  13:39  Void Ray x3  
  160  13:49  Void Ray  
  160  13:50  Void Ray  
Show
View Real Time Build Order
Export as new Build Order

MrFriday Zerg 

Build Orders: Hatch First 

Get SALT Encoding   

  12  0:01  Drone  
  13  0:13  Overlord  
  13  0:17  Drone  
  14  0:31  Drone x2  
  14  0:35  Drone  
  17  0:56  Hatchery  
  17  0:57  Drone  
  17  1:00  Drone  
  18  1:06  Extractor  
  18  1:07  Drone  
  18  1:20  Spawning Pool  
  18  1:22  Drone  
  18  1:29  Drone  
  19  1:39  Drone  
  20  1:49  Overlord  
  20  2:01  Drone  
  21  2:09  Drone  
  21  2:11  Queen  
  21  2:12  Queen  
  21  2:14  Drone  
  27  2:17  Metabolic Boost  
  27  2:25  Drone x2  
  29  2:33  Drone  
  29  2:34  Zergling x2  
  31  2:41  Zergling x2  
  31  2:43  Evolution Chamber  
  31  2:44  Zergling x2  
  32  2:52  Zergling x2  
  32  2:57  Zergling x2, Baneling Nest  
  33  3:01  Overlord  
  33  3:06  Zergling x2  
  33  3:12  Extractor  
  33  3:14  Drone  
  33  3:16  Zerg Melee Weapons Level 1  
  33  3:17  Zergling x2  
  35  3:22  Zergling x4  
  35  3:26  Zergling x2  
  35  3:27  Zergling x4, Overlord  
  39  3:30  Zergling x2  
  41  3:44  Baneling x2  
  41  3:45  Baneling x2  
  41  3:47  Zergling x6  
  41  3:48  Zergling x2  
  45  3:53  Zergling x2  
  46  3:57  Zergling x4  
  46  4:00  Overlord  
  48  4:03  Zergling x2  
  48  4:07  Hatchery  
  48  4:11  Overlord  
  48  4:12  Overlord  
  48  4:27  Zergling x8  
  51  4:33  Zergling x2  
  51  4:34  Zergling x2  
  51  4:38  Zergling x2  
  53  4:40  Zergling x2  
  53  4:45  Zergling x4  
  45  5:10  Lair  
  45  5:15  Zerg Ground Armor Level 1, Roach Warren  
  45  5:17  Drone x3  
  45  5:20  Drone  
  45  5:21  Queen  
  50  5:38  Drone  
  49  5:44  Baneling  
  49  5:45  Baneling x4  
  49  5:46  Baneling x6  
  49  5:47  Zergling x2  
  49  5:51  Zergling x2  
  50  6:06  Roach  
  50  6:07  Roach x5  
  50  6:08  Roach  
  64  6:21  Drone x2  
  66  6:30  Extractor  
  66  6:31  Roach x2  
  66  6:32  Extractor  
  68  6:38  Roach x2  
  72  6:43  Burrow  
  72  6:48  Glial Reconstitution  
  72  6:54  Drone  
  72  6:56  Overlord x3  
  72  7:17  Overseer  
  72  7:21  Overlord  
  72  7:22  Roach x3  
  80  7:23  Roach  
  79  7:39  Drone  
  79  7:42  Drone x5, Spire  
  84  7:46  Drone  
  75  8:05  Roach x3  
  65  8:25  Roach x3  
  65  8:26  Roach x2  
  74  8:28  Roach  
  74  8:29  Roach  
  73  8:37  Roach  
  73  8:40  Roach  
  72  8:46  Extractor  
  72  8:48  Drone  
  60  8:50  Drone  
  59  9:14  Mutalisk x6  
  59  9:15  Mutalisk  
  73  9:19  Drone x4  
  73  9:20  Drone  
  78  9:29  Extractor  
  77  9:40  Ravager x2  
  77  9:41  Ravager x2  
  81  9:47  Drone  
  81  9:50  Zerg Missile Weapons Level 1  
  81  9:52  Overlord x2  
  82  10:13  Queen  
  84  10:14  Mutalisk x2  
  84  10:15  Mutalisk x2  
  90  10:32  Mutalisk x2  
  82  10:53  Mutalisk  
  82  10:54  Mutalisk x2  
  82  10:55  Mutalisk  
  82  10:57  Zergling x10  
  92  10:58  Zergling x6  
  98  11:14  Overlord x3  
  90  11:47  Mutalisk x4  
  90  11:48  Mutalisk x4  
  90  11:53  Mutalisk  
  106  11:55  Zergling x6  
  106  11:58  Overlord x2  
  82  12:11  Mutalisk x2  
  58  12:40  Mutalisk  
  58  12:41  Mutalisk x4  
  60  13:01  Spawning Pool  
Show
View Real Time Build Order
Export as new Build Order

Kruk Terran 

Build Orders: Mech 

Get SALT Encoding   

  12  0:01  SCV  
  13  0:14  Supply Depot  
  13  0:18  SCV  
  14  0:30  SCV  
  15  0:38  Barracks  
  15  0:42  SCV  
  16  0:47  Refinery  
  16  0:54  SCV  
  17  1:00  Supply Depot  
  17  1:08  Refinery  
  17  1:09  SCV  
  18  1:21  SCV  
  19  1:27  Marine  
  20  1:35  SCV  
  21  1:40  Engineering Bay  
  21  1:51  Factory  
  21  1:57  SCV  
  22  2:12  Missile Turret  
  22  2:16  Factory  
  22  2:18  SCV  
  23  2:32  SCV  
  23  2:37  Widow Mine  
  24  2:38  Missile Turret  
  26  3:12  Factory Tech Lab  
  26  3:13  Factory Tech Lab  
  26  3:21  Command Center  
  26  3:24  Orbital Command  
  26  3:33  Siege Tank  
  29  3:39  Widow Mine  
  31  3:53  Supply Depot  
  31  4:14  SCV  
  32  4:27  Siege Tank x2  
  32  4:29  Supply Depot  
  38  4:32  Planetary Fortress  
  38  4:37  Missile Turret  
  38  5:18  Widow Mine  
  38  5:19  Widow Mine  
  42  5:24  Refinery  
  42  5:28  Factory  
  42  6:01  SCV  
  42  6:03  SCV  
  44  6:08  Armory  
  44  6:13  SCV  
  44  6:14  Factory Tech Lab  
  45  6:20  Supply Depot  
  45  6:21  Refinery  
  45  6:26  SCV  
  46  6:38  SCV  
  47  6:42  Siege Tank x2  
  47  6:43  Siege Tank  
  56  6:50  Missile Turret, SCV  
  57  7:00  Supply Depot  
  57  7:02  SCV  
  57  7:04  Terran Vehicle Weapons Level 1  
  58  7:14  SCV  
  59  7:26  SCV  
  58  7:38  SCV  
  58  7:43  Supply Depot  
  59  7:48  Thor x3  
  59  7:49  Missile Turret  
  68  8:48  Thor x2  
  77  8:59  Thor  
  81  10:02  Supply Depot  
  81  10:23  Thor x2  
  81  10:24  Missile Turret  
  91  10:33  Missile Turret  
  91  10:42  SCV  
  92  10:46  Supply Depot  
  92  10:54  SCV  
  93  11:00  Command Center, Missile Turret  
  93  11:06  SCV  
  93  11:07  Thor  
  100  11:11  Widow Mine  
  100  11:17  Widow Mine  
  98  11:18  SCV  
  75  11:35  Missile Turret  
  75  11:39  Widow Mine  
  58  12:08  Missile Turret, Thor x2  
  70  12:09  Thor  
  76  12:18  Missile Turret  
  70  12:25  Planetary Fortress  
  70  12:29  Missile Turret  
  70  12:43  Refinery  
  70  12:48  Missile Turret  
  70  12:50  Thor  
  70  12:51  Refinery, Thor x2  
  86  13:09  SCV  
  87  13:21  SCV  
  70  13:33  Thor x2  
  82  13:34  Thor  
Show
View Real Time Build Order
Export as new Build Order

Maniacks Terran 

Build Orders:  

Get SALT Encoding   

  12  0:02  SCV  
  13  0:14  SCV  
  14  0:25  Supply Depot  
  14  0:26  SCV  
  15  0:32  Refinery  
  15  0:46  SCV  
  16  0:53  Barracks  
  16  0:58  SCV  
  17  1:10  SCV  
  18  1:23  SCV  
  19  1:27  Supply Depot  
  19  1:35  SCV  
  19  1:39  Barracks Reactor  
  21  1:47  SCV  
  21  1:50  Refinery, Engineering Bay  
  21  1:55  Barracks  
  21  1:59  SCV  
  22  2:12  Orbital Command  
  22  2:16  Marine x2  
  24  2:34  Marine x2  
  26  2:45  Barracks Tech Lab  
  26  2:51  Marine  
  26  2:53  Command Center  
  27  2:59  Marine  
  28  3:05  Combat Shields  
  28  3:09  Marine  
  28  3:11  SCV  
  30  3:20  Marauder  
  30  3:23  SCV  
  30  3:25  Marine  
  34  3:31  Terran Infantry Weapons Level 1  
  34  3:35  SCV  
  35  3:45  Marauder  
  37  3:48  Marine  
  38  3:58  Missile Turret  
  38  4:01  Marine  
  39  4:07  Marauder  
  41  4:19  Marine x2  
  43  4:24  Concussive Shells  
  43  4:28  Marauder  
  38  4:51  Marine  
  38  4:56  Marine  
  38  4:57  Marine  
  38  5:09  Marine  
  32  5:14  Marine x2  
  33  5:22  SCV  
  33  5:24  Barracks  
  33  5:26  SCV  
  33  5:27  Marine  
  36  5:32  Marine x2  
  36  5:34  Terran Infantry Armor Level 1, SCV  
  38  5:45  Marine  
  38  5:49  Marine  
  37  5:50  Marine  
  39  5:58  Barracks  
  39  5:59  SCV  
  39  6:00  Supply Depot  
  39  6:03  Marine  
  41  6:05  Orbital Command  
  41  6:07  Marine  
  41  6:08  Marine  
  43  6:11  SCV  
  43  6:12  Barracks Reactor  
  43  6:16  Supply Depot  
  44  6:20  Marine  
  44  6:22  Factory  
  44  6:23  SCV  
  44  6:25  Marine  
  46  6:26  Marine  
  46  6:30  Refinery  
  48  6:35  SCV  
  48  6:38  Marine  
  50  6:43  Marine x2  
  50  6:46  Barracks Tech Lab  
  52  6:48  SCV  
  52  6:49  Supply Depot  
  53  6:56  Marine  
  53  6:58  Marine x2  
  53  7:01  Marine  
  57  7:02  Marauder  
  57  7:06  Marauder  
  61  7:08  Stimpack  
  61  7:10  Factory Tech Lab  
  61  7:14  Marine  
  60  7:16  Marine x2  
  60  7:19  Marine  
  63  7:23  Marauder  
  63  7:28  Supply Depot  
  65  7:30  Marine  
  65  7:32  Marine  
  65  7:36  Marine x3  
  70  7:44  Marine  
  70  7:48  Marine  
  70  7:50  Marine  
  71  7:51  Armory  
  71  7:54  Marine x2  
  72  8:01  Marine  
  72  8:02  Marauder  
  70  8:06  Marauder  
  70  8:07  Marine  
  70  8:12  Marine x2  
  71  8:19  Marine  
  68  8:24  Marauder  
  68  8:25  Marine  
  68  8:28  Marauder  
  68  8:29  Marine  
  68  8:30  Marine  
  72  8:37  Supply Depot, Marine  
  73  8:43  Marine  
  73  8:45  Marauder  
  73  8:47  Marine  
  73  8:48  Marine  
  78  8:49  Marine  
  78  8:55  Marine  
  79  9:01  Marine  
  80  9:05  Marine x2  
  80  9:06  Marauder, Marine  
  81  9:12  Marine  
  80  9:19  Marine  
  80  9:20  Starport, Terran Infantry Weapons Level 2  
  80  9:23  Marine x2  
  81  9:25  Marine  
  81  9:27  Marine  
  81  9:30  Marine  
  84  9:36  Marine  
  85  9:43  Marine x2  
  85  9:44  Marauder  
  89  9:46  Marine  
  71  9:58  Marine  
  59  10:02  Marine  
  59  10:04  Marauder  
  59  10:05  Marauder  
  64  10:16  Medivac  
  64  10:18  Supply Depot  
  66  10:27  Marauder, Marine  
  69  10:30  Marine  
  69  10:32  Marauder  
  72  10:46  Medivac  
  72  10:48  Marine  
  72  10:49  Marauder  
  72  10:50  Marine  
  72  10:53  Marauder  
  75  11:01  Marine  
  76  11:10  Marauder  
  78  11:11  Marine  
  78  11:14  Marauder  
  78  11:16  Marine  
  82  11:23  Marine  
  80  11:31  Marauder  
  82  11:36  Marauder  
  82  11:37  Marine  
  79  11:46  Marine  
  74  11:53  Marauder  
  62  11:54  Marine  
  63  12:06  Marine  
Show
View Real Time Build Order
Export as new Build Order

Verdacht Protoss 

Build Orders:  

Get SALT Encoding   

  12  0:02  Probe (Chrono Boost)  
  13  0:13  Probe (Chrono Boost)  
  14  0:21  Pylon  
  14  0:23  Probe (Chrono Boost)  
  15  0:40  Probe (Chrono Boost)  
  16  0:51  Probe (Chrono Boost)  
  17  1:13  Nexus  
  17  1:22  Pylon  
  17  1:29  Forge  
  17  1:40  Gateway  
  17  1:41  Probe (Chrono Boost)  
  17  1:44  Assimilator  
  18  1:50  Assimilator  
  18  1:51  Probe (Chrono Boost)  
  19  2:02  Probe (Chrono Boost)  
  20  2:11  Photon Cannon  
  20  2:14  Photon Cannon  
  20  2:17  Photon Cannon  
  20  2:28  Probe (Chrono Boost)  
  21  2:39  Probe (Chrono Boost)  
  21  2:40  Probe (Chrono Boost)  
  23  2:50  Cybernetics Core, Probe (Chrono Boost)  
  25  2:51  Probe (Chrono Boost)  
  25  2:58  Photon Cannon  
  25  3:07  Probe (Chrono Boost)  
  25  3:09  Probe (Chrono Boost)  
  25  3:10  Assimilator  
  27  3:22  Gateway  
  27  3:27  Gateway  
  27  3:33  Probe (Chrono Boost)  
  28  3:37  Stalker  
  30  3:44  Probe (Chrono Boost)  
  30  3:45  Probe (Chrono Boost)  
  32  3:48  Warp Gate (Chrono Boost)  
  32  3:52  Protoss Shields Level 1  
  32  3:55  Probe (Chrono Boost)  
  34  4:03  Probe (Chrono Boost)  
  34  4:06  Probe (Chrono Boost)  
  34  4:07  Stalker  
  34  4:09  Stalker  
  39  4:15  Stalker  
  41  4:27  Probe (Chrono Boost)  
  41  4:31  Assimilator  
  42  4:34  Probe (Chrono Boost)  
  42  4:37  Stalker  
  42  4:38  Probe (Chrono Boost)  
  46  4:49  Pylon  
  46  4:55  Pylon  
  46  4:58  Pylon  
  46  5:07  Stalker x3  
  46  5:09  Robotics Facility  
  52  5:19  Robotics Facility  
  52  5:37  Stalker x3  
  58  5:52  Nexus  
  58  5:55  Pylon  
  58  6:05  Twilight Council, Protoss Ground Weapons Level 1  
  58  6:07  Robotics Bay, Stalker x2  
  62  6:15  Probe  
  62  6:18  Probe  
  64  6:22  Stalker  
  66  6:26  Probe  
  66  6:28  Observer  
  66  6:30  Probe  
  69  6:37  Stalker x2  
  73  6:52  Stalker  
  75  6:54  Pylon  
  75  6:57  Blink (Chrono Boost), Pylon  
  75  6:59  Pylon  
  75  7:01  Pylon  
  75  7:06  Stalker  
  77  7:13  Gateway  
  77  7:15  Gateway  
  67  7:31  Stalker x2  
  67  7:32  Colossus  
  67  7:36  Immortal  
  64  8:07  Stalker x3  
  61  8:26  Colossus  
  67  8:37  Stalker x3  
  73  8:46  Stalker x2  
  75  9:07  Stalker x3  
  75  9:16  Stalker x2  
  79  9:20  Assimilator  
  79  9:22  Assimilator, Probe x2  
  79  9:24  Probe  
  72  9:37  Stalker x3  
  72  9:46  Stalker x2  
  72  9:49  Protoss Shields Level 2  
  72  9:57  Forge  
  72  10:07  Stalker x3  
  74  10:10  Pylon  
  74  10:11  Warp Prism  
  74  10:12  Observer  
  81  10:16  Stalker x2  
  81  10:18  Nexus  
  85  10:36  Stalker  
  85  10:37  Stalker x2  
  91  10:46  Stalker x2  
  91  10:49  Photon Cannon  
  95  10:51  Photon Cannon  
  95  10:53  Photon Cannon  
  93  11:06  Stalker  
  61  11:51  Stalker  
  61  11:52  Stalker x4  
  67  12:02  Colossus x2  
  79  12:16  Probe  
  79  12:21  Stalker  
  79  12:22  Stalker x4  
  90  12:34  Extended Thermal Lance (Chrono Boost)  
  76  12:51  Stalker x2  
  76  12:52  Stalker x2  
  76  12:55  Colossus  
  86  12:59  Stalker  
  78  13:21  Stalker x2  
  78  13:22  Stalker x2  
  78  13:25  Pylon  
  86  13:27  Probe  
  86  13:28  Pylon  
  89  13:39  Probe  
  80  13:51  Probe  
  33  14:25  Forge  
Tags
 
Add a new tag
Caveats
  • Supply blocks, unpowered buildings, or Contaminate may cause inaccurate times.
  • Supply counts are checked every 10 seconds.